 Dungeon Crawl Stone Soup version 0.23.0-2-g0fe3ce5 (webtiles) character file.

Game seed: 14049182465185683690

0 MalarOregon the Caller (level 1, -1/13 HPs)
             Began as a Merfolk Summoner on Feb 19, 2019.
             Slain by a leopard gecko (3 damage)
             ... on level 1 of the Dungeon.
             The game lasted 00:00:24 (93 turns).

MalarOregon the Caller (Merfolk Summoner)             Turns: 93, Time: 00:00:25

Health: -1/13      AC:  2    Str:  8    XL:     1   Next: 10%
Magic:  0/3        EV: 13    Int: 14    God:
Gold:   0          SH:  0    Dex: 14    Spells: 3/4 levels left

rFire    . . .     SeeInvis .   (no weapon)
rCold    . . .     Gourm    .   (no shield)
rNeg     . . .     Faith    .   a - +0 robe
rPois    .         Spirit   .   (no helmet)
rElec    .         Reflect  .   (no cloak)
rCorr    .         Harm     .   (no gloves)
MR       .....                  (no boots)
Stlth    ++........             (no amulet)
HPRegen  0.04/turn              (no ring)
MPRegen  0.08/turn              (no ring)

@: no status effects
A: change form in water, swift swim, stealthy swim
a: no special abilities


You were on level 1 of the Dungeon.
You were not hungry.

You visited 1 branch of the dungeon, and saw 1 of its levels.

Inventory:

Armour
 a - a +0 robe (worn)
Comestibles
 b - 2 chunks of flesh
 e - a ration {!d}


   Skills:
 + Level 0.0 Fighting
 + Level 2.7 Dodging
 - Level 2.1 Stealth
 + Level 2.0 Spellcasting
 + Level 4.0 Summonings


You had 3 spell levels left.
You knew the following spells:

 Your Spells              Type           Power        Failure   Level  Hunger
a - Summon Small Mammal   Summ           ##..         4%          1    ##.....

Your spell library contained the following spells:

 Spells                   Type           Power        Failure   Level  Hunger
 Call Imp                 Summ           ##......     7%          2    ###....
 Call Canine Familiar     Summ           ##......     14%         3    ####...
 Summon Guardian Golem    Hex/Summ       #.......     30%         3    ####...
 Summon Ice Beast         Ice/Summ       #.......     71%         4    #####..
 Summon Lightning Spire   Summ/Air       #.......     71%         4    #####..


Dungeon Overview and Level Annotations

Branches:
Dungeon (1/15)

Altars:


Message History

Your bat misses the giant cockroach.
The giant cockroach closely misses your bat.
Your bat hits the giant cockroach.
The giant cockroach dies!
You start resting.
Your bat disappears in a puff of smoke!
You see here a giant cockroach corpse.
You butcher the giant cockroach corpse.
b - 2 chunks of flesh You open the door.
Found 14 stones and 15 gold pieces.
Found a stone staircase leading down.
A leopard gecko comes into view.
The leopard gecko hisses angrily.
Found 22 bolts.
There is an open door here.
A leopard gecko is nearby!
A leopard gecko is nearby!
The leopard gecko barely misses you.
Found an escape hatch in the floor.
The leopard gecko bites you. The leopard gecko bites you.
The leopard gecko bites you.
* * * LOW HITPOINT WARNING * * *
Your rat closely misses the leopard gecko.
You swap places.
The leopard gecko closely misses your rat.
Your rat closely misses the leopard gecko.
The leopard gecko bites your rat.
Your rat dies!
Your rat's corpse disappears in a puff of smoke!
Your rat bites the leopard gecko.
Your rat completely misses the leopard gecko.
There is an open door here.
The leopard gecko closely misses you. The leopard gecko bites you.
* * * LOW HITPOINT WARNING * * *
The leopard gecko barely misses you.
Unknown command.
You swap places.
Your rat barely misses the leopard gecko.
The leopard gecko bites your quokka.
Your quokka barely misses the leopard gecko.
Your rat barely misses the leopard gecko.
The leopard gecko misses your quokka.
Your quokka bites the leopard gecko.
The leopard gecko bites your quokka.
Your quokka dies!
Your quokka's corpse disappears in a puff of smoke!
Your rat barely misses the leopard gecko.
The leopard gecko bites you.
You die...

######'##..>.# #.#
..# #.# # #.# #.#
#r# #r# #l# #@#
### #### #.#####
##.####.≈.
#.#...###.≈.##.≈.≈
#.#...P..≈≈≈..≈≈≈≈
#.'.....≈≈≈≈≈≈≈≈≈≈
#.'.≈..≈≈≈≈≈≈≈≈≈≈≈
#.#.P≈≈≈≈≈P≈≈≈≈P≈P
#.#...≈..≈≈≈≈≈≈≈≈≈
#.#...≈.≈(P≈P≈≈≈PP


You could see a leopard gecko and 2 friendly rats.

Vanquished Creatures (collateral kills)
  A giant cockroach (D:1)
1 creature vanquished.

Notes
Turn   | Place    | Note
-------+----------+-------------------------------------------
     0 | D:1      | MalarOregon the Merfolk Summoner began the quest for the
                  | Orb.
     0 | D:1      | Reached XP level 1. HP: 13/13 MP: 3/3
    93 | D:1      | Slain by a leopard gecko

Action                   || total
-------------------------++-------
Melee: Unarmed           ||     3
 Cast: Summon Small Mamm ||     7
Armor: Robe              ||     2
Dodge: Dodged            ||     6
